 Dungeon Crawl Stone Soup version 0.29-a0-284-gf9362112df (webtiles) character file.

Game seed: 8190866390221776337

731 enile the Skirmisher (level 7, -7/47 (50) HPs)
             Began as an Octopode Wanderer on Mar 17, 2022.
             Was a Believer of Makhleb.
             Mangled by a wight
             ... wielding a +0 halberd
              (11 damage)
             ... on level 6 of the Dungeon.
             The game lasted 00:06:36 (3705 turns).

enile the Skirmisher (Octopode Wanderer)            Turns: 3705, Time: 00:06:36

HP:   -7/47 (50)    AC:  5    Str: 17    XL:     7   Next: 73%
MP:   11/11         EV: 13    Int: 15    God:    Makhleb [**....]
Gold: 81            SH:  0    Dex:  7    Spells: 9/12 levels left

rFire   . . .      SeeInvis .   p - +0 rapier
rCold   . . .      Faith    .   (no shield)
rNeg    . . .      Spirit   .   (helmet restricted)
rPois   .          Reflect  .   (no amulet)
rElec   .          Harm     .   g - +4 ring of protection
rCorr   .          Rampage  .   (no ring)
Will    .....                   (no ring)
Stlth   ++........              (no ring)
HPRegen 0.15/turn               (no ring)
MPRegen 0.12/turn               (no ring)
                                (no ring)
                                (no ring)

@: confused, lethally poisoned (-7 -> -8), ambrosia-drunk, very slightly
contaminated, drained
A: almost no armour, amphibious, 8 rings, camouflage 1, gelatinous body 1,
(nimble swimmer 1), tentacles
a: Renounce Religion, Minor Destruction


You were on level 6 of the Dungeon.
You worshipped Makhleb.
Makhleb was pleased with you.
You visited 1 branch of the dungeon, and saw 5 of its levels.

You collected 81 gold pieces.

Inventory:

Hand Weapons
 a - a +1 shortbow
 c - a +0 dagger
 h - a +0 quarterstaff
 m - a +0 great mace
 p - a +0 rapier (weapon)
 q - a +0 great sword
Jewellery
 g - a +4 ring of protection (left tentacle)
Scrolls
 d - 5 scrolls of identify
 e - a scroll of vulnerability
 n - a scroll of blinking
 o - a scroll of magic mapping


   Skills:
 - Level 5.0 Fighting
 - Level 2.0 Short Blades
 - Level 1.0 Bows
 - Level 4.0 Dodging
 - Level 3.0 Stealth
 - Level 3.0 Spellcasting
 - Level 1.0 Conjurations
 + Level 3.0 Fire Magic
 - Level 3.0 Invocations
 - Level 1.9 Evocations


You had 9 spell levels left.
You knew the following spells:

 Your Spells              Type           Power      Damage    Failure   Level
a - Foxfire               Conj/Fire      32%        2x1d5     9%          1
b - Scorch                Fire           22%        2d6       9%          2

Your spell library contained the following spells:

 Spells                   Type           Power      Damage    Failure   Level
 Conjure Flame            Conj/Fire      8%         6-21      26%         3
 Borgnjor's Revivificati  Necr           1%         N/A       100%        8
 Necromutation            Tmut/Necr      1%         N/A       100%        8
 Death's Door             Necr           1%         N/A       100%        9


Dungeon Overview and Level Annotations

Branches:
Dungeon (6/15)             Temple (0/1) D:6

Altars:
Makhleb

Shops:
D:6 (


Innate Abilities, Weirdness & Mutations

You cannot wear most types of armour.
You are amphibious.
You can wear up to eight rings at the same time.
Your skin changes colour to match your surroundings (Stealth+).
Your rubbery body absorbs attacks. (AC +1, EV +1)
((You are camouflaged when in or above water. (Stealth+)))
You have tentacles for arms and can constrict up to eight enemies at once.


Message History

You feel better.
You feel very sick.
The kobold throws a stone.
The stone hits you but does no damage.
You feel sick.
Casting: Scorch (safe; 9% risk of failure)
Confirm with . or Enter, or press ? or * to list all spells.
You miscast Scorch.
You are very lightly contaminated with residual magic.
Nothing appears to happen.
You feel sick. The kobold misses you.
Casting: Scorch (safe; 9% risk of failure)
Confirm with . or Enter, or press ? or * to list all spells.
Flames lash the kobold.
You kill the kobold!
Makhleb accepts your kill.
You feel sick.
You feel sick.
The kobold hits you with a +0 short sword.
The wight hits you from afar with a +0 halberd!
* * * LOW HITPOINT WARNING * * *
You feel drained.
* * * LOW HITPOINT WARNING * * *
Okay, then.
You are confused.
You feel invigorated.
You feel sick.
The kobold hits you with a +0 short sword.
* * * LOW HITPOINT WARNING * * *
A wight comes into view. It is wielding a +0 flail.
The wight misses you.
You're too confused to move!
You feel sick. The kobold misses you. The wight closely misses you.
You hit the kobold.
The kobold is severely wounded.
You feel sick.
The kobold hits you with a +0 short sword.
* * * LOW HITPOINT WARNING * * *
The wight hits you from afar with a +0 halberd.
* * * LOW HITPOINT WARNING * * *
A wight comes into view. It is wielding a +4 scimitar.
The wight hits you from afar with a +0 halberd!
You die...

#.# #...# ###.### ###[#
####### #####.#
###########⌠.⌠####.....#
#.........'.>.#....##..#
#...#..####⌠.⌠#######..# #
#.#..# ###†### ####..###### ##
##.#..# ###)### #..........#
.# #.....# #@# ####..####.# .#
#..#### #K# #..#
.#####..########z##### ......
............##.......#$##.####
..####..###.##.#z.....#.#..
#.####.)##...#.#..........#
....∩.)........z......# ..#
#.####≈.##...)..##.##..#
#.####..###..........


You could see 3 wights and a kobold.

Vanquished Creatures
  A black bear (D:6)
  An ice beast (D:6)
  A kobold brigand (D:6)
  A bullfrog (D:6)
  A wight (D:6)
  A howler monkey (D:6)
  A hound (D:6)
  2 adders
  A worm (D:2)
  A dart slug (D:1)
  6 endoplasms
  4 giant cockroaches
  2 goblins
  3 hobgoblins
  3 quokkas
  7 ball pythons
  6 bats
  5 frilled lizards
  5 kobolds
  2 rats
54 creatures vanquished.

Vanquished Creatures (collateral kills)
  An orc warrior (D:6)
  A necrophage (D:6)
  A howler monkey (D:6)
  A jelly (D:6)
  3 orcs (D:6)
7 creatures vanquished.

Vanquished Creatures (others)
  119 foxfires
119 creatures vanquished.

Grand Total: 180 creatures vanquished

Notes
Turn   | Place    | Note
-------+----------+-------------------------------------------
     0 | D:1      | enile the Octopode Wanderer began the quest for the Orb.
     0 | D:1      | enile set off with the following items: a +1 shortbow, a
                  | potion of berserk rage; and the following spell memorised:
                  | Foxfire; and the following spells available to memorise:
                  | Scorch, Conjure Flame
     0 | D:1      | Reached XP level 1. HP: 14/14 MP: 3/3
   101 | D:1      | Reached skill level 1 in Dodging
   430 | D:1      | Reached XP level 2. HP: 19/19 MP: 1/5
  1787 | D:2      | Learned a level 2 spell: Scorch
  1840 | D:2      | Reached XP level 3. HP: 25/25 MP: 1/6
  2463 | D:2      | Reached skill level 3 in Fighting
  2500 | D:2      | Found a faded altar of an unknown god.
  2509 | D:2      | Prayed at the altar of an unknown god.
  2509 | D:2      | Became a worshipper of Makhleb the Destroyer
  2509 | D:2      | Reached * piety under Makhleb
  2985 | D:3      | Reached skill level 1 in Conjurations
  2985 | D:3      | Reached XP level 4. HP: 30/31 MP: 7/7
  3249 | D:3      | You fall into a shaft and drop 2 floors!
  3249 | D:5      | Entered Level 5 of the Dungeon
  3249 | D:5      | Noticed a centaur
  3251 | D:5      | Noticed an ogre
  3275 | D:5      | Noticed a scorpion
  3290 | D:6      | Found a staircase to the Ecumenical Temple.
  3350 | D:6      | Noticed an ice beast
  3372 | D:6      | Noticed a scorpion
  3376 | D:6      | Killed an ice beast
  3377 | D:6      | Reached skill level 4 in Fighting
  3377 | D:6      | Reached XP level 5. HP: 37/37 MP: 3/8
  3381 | D:6      | Found Qyano's Weapon Shoppe.
  3381 | D:6      | Noticed a black bear
  3399 | D:6      | Killed a black bear
  3400 | D:6      | Reached skill level 1 in Short Blades
  3400 | D:6      | Reached XP level 6. HP: 43/43 MP: 1/9
  3534 | D:6      | Noticed an orc warrior
  3541 | D:6      | Reached XP level 7. HP: 26/48 MP: 7/11
  3546 | D:6      | Reached skill level 5 in Fighting
  3546 | D:6      | Reached skill level 1 in Invocations
  3677 | D:6      | Reached ** piety under Makhleb
  3702 | D:6      | HP: 2/47 [wight/+0 halberd (2)]
  3705 | D:6      | Mangled by a wight

Illustrated notes

Levels and vault maps discovered:
D:1:      dpeg_arrival_line_fractal, layout_loops_corners, glass_columns_a,
          minmay_misc_feat_x, minmay_tromino_v2
D:2:      layout_loops_ring, ebering_ecumenical_altar_sacrificial,
          hangedman_decor_riveting
D:3:      layout_loops_corners, lemuel_round_altar, st_stairs_5, minivault_25
D:5:      layout_basic, nicolae_sif_muna_condensation,
          grunt_temple_overflow_cloverleaf, chequers_serial_rivers_room_b
D:6:      layout_loops_ring, temple_doors_e, serial_shops, shop,
          minmay_misc_feat_tiny, nicolae_stop_n_shop_2, nicolae_elemental_shop,
          dreamdust_princess_bridge, uniq_blork_the_orc

Skill      XL: |  1  2  3  4  5  6  7 |
---------------+----------------------+-----
Dodging        | 1 2 3 4 |  4.0
Fighting       | 3 4 5 |  5.0
Conjurations   | 1 |  1.0
Stealth        | 3 |  3.0
Short Blades   | 1 2 |  2.0
Spellcasting   | 3 |  3.0
Invocations    | 3 |  3.0
Bows           | |  1.0
Fire Magic     | |  3.0
Evocations     | |  1.9

Action                   |  1- 3 |  4- 6 |  7- 9 || total
-------------------------+-------+-------+-------++-------
Melee: Quarterstaff      |     6 |       |       ||     6
       Constrict         |     3 |     2 |     4 ||     9
       Rapier            |     2 |    12 |    21 ||    35
       Tentacles         |     1 |     5 |     4 ||    10
       Punch             |       |       |     1 ||     1
 Fire: Shortbow          |     9 |       |       ||     9
 Cast: Foxfire           |    74 |     5 |       ||    79
       Scorch            |     5 |     6 |     2 ||    13
  Use: Potion            |     1 |     3 |     1 ||     5
       Scroll            |       |     7 |       ||     7
 Stab: Sleeping          |     1 |     1 |       ||     2
Armor: Skin              |     1 |     9 |     4 ||    14
Dodge: Dodged            |    13 |    26 |    14 ||    53

Table legend: (Time is in decaauts)
 A = Elapsed time spent in this place.
 B = Non-inter-level travel time spent in this place.
 C = Inter-level travel time spent in this place.
 D = Time resting spent in this place.
 E = Time spent auto-exploring this place.
 F = Levels seen in this place.
 G = Mean time per level.
                   A        B        C        D        E       F      G
               +--------+--------+--------+--------+--------+-----+--------+
         Total |   3725 |   3606 |    119 |      0 |   3070 |   5 |  745.0 |
       Dungeon |   3725 |   3606 |    119 |      0 |   3070 |   5 |  745.0 |
               +--------+--------+--------+--------+--------+-----+--------+

Top non-repeatable levels by time:
     D:1: 1681 daAuts
     D:2: 1239 daAuts
     D:6: 438 daAuts
     D:3: 334 daAuts
     D:5: 31 daAuts
